Description

Heromarines standard in IEM 2022. Hellion banshee into a marine tank push. constant aggression but some tanks stay defensive. the ghost transition allows HM to defend the Lurker attacks.

Replay - Lambo vs HeroMarine - Glittering Ashes LE

Build Order

Get SALT Encoding   

  12  0:00  SCV  
  13  0:12  SCV  
  14  0:16  Supply Depot  
  14  0:24  SCV  
  15  0:38  SCV  
  15  0:39  Barracks  
  16  0:43  Refinery  
  16  0:50  SCV  
  17  1:02  SCV  
  18  1:14  SCV  
  19  1:26  Reaper, Orbital Command  
  20  1:38  Command Center  
  20  1:47  Supply Depot  
  20  1:52  SCV  
  21  1:58  Marine  
  22  2:04  SCV  
  22  2:07  Factory  
  23  2:13  Refinery  
  23  2:16  SCV  
  23  2:20  Barracks Reactor  
  24  2:28  SCV  
  25  2:40  SCV  
  26  2:50  Orbital Command  
  26  2:52  SCV  
  26  2:53  Starport  
  27  3:01  Hellion x2  
  27  3:04  SCV  
  27  3:05  Barracks Tech Lab  
  32  3:16  SCV x2  
  34  3:22  Hellion x2  
  34  3:24  Supply Depot  
  38  3:28  SCV x2  
  40  3:34  Cloaking Field  
  40  3:35  Banshee  
  40  3:40  SCV x2  
  45  3:46  Hellion x2  
  49  3:48  Supply Depot  
  49  3:52  Barracks Tech Lab, SCV x2  
  51  4:04  SCV x2  
  53  4:11  Stimpack  
  53  4:13  Command Center  
  53  4:16  SCV x2  
  54  4:19  Banshee  
  54  4:21  Factory Reactor  
  58  4:26  Supply Depot  
  58  4:29  SCV x2  
  60  4:35  Barracks x2  
  60  4:42  SCV x2  
  62  4:50  Engineering Bay x2  
  62  4:54  Marine, SCV x2  
  62  4:57  Refinery x2  
  65  5:06  SCV x2  
  67  5:11  Marine  
  68  5:16  Starport Reactor  
  68  5:18  Terran Infantry Weapons Level 1, SCV x2  
  70  5:22  Supply Depot  
  70  5:24  Siege Tank  
  70  5:26  Orbital Command  
  73  5:30  SCV x2  
  75  5:37  Supply Depot, Marine x5  
  75  5:42  SCV x2  
  82  5:48  Supply Depot  
  82  5:54  Marine x4  
  86  5:57  Siege Tank, Orbital Command, Medivac x2  
  86  5:59  Combat Shield  
  86  6:02  SCV x2  
  95  6:09  Marine x4  
  96  6:14  SCV x2  
  96  6:15  Marine, Supply Depot  
  102  6:23  SCV x3  
  103  6:27  Marine  
  103  6:30  Siege Tank  
  109  6:35  Supply Depot x2  
  109  6:37  Marine x3, SCV x3  
  115  6:44  Marine x2  
  117  6:52  Barracks x2  
  117  6:53  Supply Depot x2  
  117  6:56  Marine x3, SCV x3, Medivac x2  
  125  7:01  Marine x2  
  127  7:09  SCV x3  
  127  7:13  Supply Depot  
  127  7:14  Marine x3  
  127  7:15  Armory  
  133  7:19  Marine x2  
  133  7:21  SCV x3  
  138  7:32  Marine x3, Widow Mine, Medivac x2  
  138  7:33  SCV x2  
  138  7:35  Factory, Refinery  
  149  7:37  Marine x2  
  149  7:41  Refinery  
  151  7:44  Supply Depot x2  
  151  7:50  Marine x2  
  153  7:53  Terran Infantry Armor Level 1  
  153  7:54  Barracks Reactor x2  
  153  7:55  Marine x3  
  156  8:04  Drilling Claws  
  156  8:05  Terran Infantry Weapons Level 2  
  157  8:06  Widow Mine  
  157  8:12  Command Center, Supply Depot x3  
  158  8:13  Marine x2  
  158  8:18  Terran Vehicle And Ship Armor Level 1  
  160  8:22  Marine x3  
  163  8:29  Factory Reactor  
  163  8:30  Widow Mine, Medivac x2  
  169  8:35  Marine x6  
  166  8:50  Marine x7  
  166  8:52  Widow Mine  
  175  8:56  Barracks x3, Marine x2  
  175  9:00  Medivac x2  
  181  9:08  Marine x2  
  166  9:12  Widow Mine x2  
  166  9:15  Marine x7  
  176  9:25  Marine x2  
  176  9:29  SCV x3  
  176  9:30  Medivac x2  
  185  9:33  Marine x6, Widow Mine x2  
  185  9:34  Siege Tank  
  185  9:36  Sensor Tower  
  197  9:41  SCV x2  
  184  9:55  Widow Mine  
  184  9:57  Marine x3  
  184  9:58  Marauder  
Spawning Tool Build Advisor. Get it on Overwolf

Go to:

Details

  • Created by: lucahecker
  • Published on: Feb 27, 2022
  • Modified on: Feb 27, 2022
  • Patch: 4.11.0
  • Difficulty: Hard
Show
View Real Time Build Order
Export as new Build Order

Comments (0)

There are no comments. Be the first!

Create an account to comment!